 Dungeon Crawl Stone Soup version 0.31.0-12-g77e489cdc1 (webtiles) character file.

Game seed: 10145243625133656508

2160 BigDaddyOpFi the Shield-Bearer (level 9, -4/63 HPs)
             Began as an Octopode Fighter on Feb 22, 2024.
             Was an Initiate of Ashenzari.
             Killed from afar by a steam dragon (27 damage)
             ... with a ball of steam
             ... on level 6 of the Dungeon.
             The game lasted 00:06:55 (7242 turns).

BigDaddyOpFi the Shield-Bearer (Octopode Fighter)   Turns: 7242, Time: 00:06:55

Health: -4/63      AC:  1    Str: 18    XL:     9   Next: 31%
Magic:  9/9        EV: 15    Int: 10    God:    Ashenzari [......]
Gold:   399        SH:  6    Dex: 13    Spells: 8/8 levels left

rFire   . . .        a - +0 war axe (spect)
rCold   . . .        b - +0 buckler
rNeg    . . .        (helmet restricted)
rPois   .            (no amulet)
rElec   .            d - ring "Ensconced Omen" {Will+, Fort, Comp} (curse)
rCorr   .            (no ring)
SInv    .            (no ring)
Will    +....        (no ring)
Stlth   ++           (no ring)
HPRegen 0.30/turn    (no ring)
MPRegen 0.11/turn    (no ring)
                     (no ring)

%: no passive effects
@: no status effects
A: almost no armour, amphibious, 8 rings, camouflage 1, gelatinous body 1,
(nimble swimmer 1), tentacles
a: Renounce Religion, Curse Item, Shatter the Chains


You were on level 6 of the Dungeon.
You worshipped Ashenzari.
Ashenzari was noncommittal.
You visited 2 branches of the dungeon, and saw 7 of its levels.
You also visited: Sewer.

You collected 399 gold pieces.

Inventory:

Hand Weapons
 a - a +0 spectral war axe (weapon)
Missiles
 g - 5 javelins (quivered)
Armour
 b - a +0 buckler (worn)
Jewellery
 d - the cursed ring "Ensconced Omen" (left tentacle) {Will+, Fort, Comp}
   (You found it on level 2 of the Dungeon)

   [ring of willpower]

   Will+:     It increases your willpower.
   It has a curse which improves the following skills: Fortitude: Shields.
   Companions: Summonings and Necromancy.
Talismans
 l - a serpent talisman
Wands
 p - a wand of mindburst (19)
Scrolls
 e - a scroll of enchant armour {unknown}
 f - 3 scrolls of fog
 i - a scroll of fear {unknown}
 j - 3 scrolls of identify
 m - a scroll of teleportation
 n - 4 scrolls of summoning {unknown}
 r - a scroll of acquirement {unknown}
Potions
 c - a potion of might
 h - a potion of invisibility {unknown}
 k - a potion of curing {unknown}
 o - a potion of lignification {unknown}
 q - a potion of haste {unknown}


   Skills:
 + Level 6.7 Fighting
 + Level 6.3 Axes
 + Level 6.7 Dodging
 + Level 6.7(7.2) Shields


You had 8 spell levels left.
You didn't know any spells.
Your spell library contained the following spells:

 Spells                   Type           Power      Damage    Failure   Level
 Brom's Barrelling Bould  Conj/Erth      0%         2d3       99%         4
 Fireball                 Conj/Fire      0%         3d3       100%        5
 Iskenderun's Battlesphe  Conj           0%         2d6       100%        5
 Conjure Ball Lightning   Conj/Air       0%         3x3d6     100%        6
 Orb of Destruction       Conj           0%         9d5       100%        7


Dungeon Overview and Level Annotations

Branches:
Dungeon (6/15)             Temple (1/1) D:4           Sewer (visited)

Altars:
Ashenzari
Cheibriados
Dithmenos
Elyvilon
Fedhas
Gozag
Hepliaklqana
Kikubaaqudgha
Makhleb
Nemelex Xobeh
Okawaru
Ru
Sif Muna
Trog
Uskayaw
Vehumet
Wu Jian
Xom
Yredelemnul
Zin
The Shining One

Shops:
D:6 **?


Innate Abilities, Weirdness & Mutations

You cannot wear most types of armour.
You are amphibious.
You can wear up to eight rings at the same time.
Your skin changes colour to match your surroundings (Stealth+).
Your rubbery body absorbs attacks. (AC +1, EV +1)
((You are camouflaged when in or above water. (Stealth+)))
You have tentacles for arms and can constrict up to eight enemies at once.


Message History

The sky beast barely misses your +0 spectral war axe.
You hit the sky beast.
The sky beast is almost dead.
Your +0 spectral war axe hits the sky beast but does no damage.
You block the sky beast's attack. x2
You closely miss the sky beast.
The sky beast is almost dead.
Your +0 spectral war axe hits the sky beast but does no damage.
The sky beast closely misses your +0 spectral war axe.
You closely miss the sky beast.
The sky beast is almost dead.
Your +0 spectral war axe misses the sky beast.
You block the sky beast's attack.
Ashenzari invites you to partake of a vision and a curse of ranged combat and cunning.
You slash the sky beast!
You kill the sky beast!
Your +0 spectral war axe disappears.
No target in view!
A steam dragon comes into view.
You see here a wand of roots (2).
A steam dragon is nearby!
A steam dragon is nearby!
Found an opal ring.
The steam dragon hisses angrily.
The steam dragon misses you. You block the steam dragon's attack.
You closely miss the steam dragon. Your squeeze misses the steam dragon.
The steam dragon breathes steam at you. The ball of steam misses you.
The steam dragon bites you! You block the steam dragon's attack.
You hit the steam dragon.
The steam dragon is lightly wounded.
You are engulfed in a cloud of scalding steam.
The steam dragon bites you!
The steam dragon claws you but does no damage.
You closely miss the steam dragon. You squeeze the steam dragon!
The steam dragon is moderately wounded.
You are engulfed in a cloud of scalding steam.
The steam dragon breathes steam at you. The ball of steam hits you!!
You die...

#...#... #. #....# ..
#.. +....# #.#
...###....####.#.# .#
.......#.....#.#.##.#
.....#..##.#.#.##.# #
...#..#..#.#.##.#
#.###.#..[$.........
#.D@§§..#.?........#
....=.###.#/#..##..###.#
..##. ...#............#
.. .....#..#####.##.##
.# ##..###.†# #.##.## .
.... ....# #.##.##
###..###..# ####.## #.
#..# #.## #..# #.##


You could see a steam dragon (catching breath).

Vanquished Creatures
  Sigmund (D:5)
  Menkaure (D:5)
  2 water moccasins (D:6)
  A sky beast (D:6)
  An ogre (D:5)
  6 kobold brigands
  A scorpion (D:4)
  5 wights
  3 jellies
  An orc priest (D:4)
  A bombardier beetle (D:6)
  5 hounds
  Terence (D:3)
  2 iguanas (D:5)
  An orc wizard (D:5)
  4 gnolls (D:3)
  18 adders
  2 river rats (Sewer)
  A white imp (D:6)
  2 ufetubi (D:6)
  5 dart slugs
  A ribbon worm (Sewer)
  6 orcs
  3 bats
  6 endoplasms
  5 giant cockroaches
  4 goblins
  5 hobgoblins
  4 jackals (D:1)
  3 quokkas
  23 ball pythons
  2 frilled lizards (D:1)
  16 kobolds
  6 rats
148 creatures vanquished.

Notes
Turn   | Place    | Note
-------+----------+-------------------------------------------
     0 | D:1      | BigDaddyOpFi the Octopode Fighter began the quest for the
                  | Orb.
     0 | D:1      | Reached XP level 1. HP: 16/16 MP: 1/1
    61 | D:1      | Reached XP level 2. HP: 17/21 MP: 2/2
   107 | D:1      | Found a faded altar of an unknown god.
   446 | D:1      | Reached XP level 3. HP: 26/26 MP: 3/3
  1561 | D:3      | Found a glowing drain.
  1579 | D:3      | Reached XP level 4. HP: 13/31 MP: 4/4
  1585 | D:3      | Noticed Terence
  1594 | Sewer    | Entered a sewer
  1829 | Sewer    | Noticed a kobold brigand
  1841 | Sewer    | Killed a kobold brigand
  1842 | Sewer    | Reached XP level 5. HP: 34/37 MP: 5/5
  1909 | Sewer    | Noticed a kobold brigand
  1917 | Sewer    | Killed a kobold brigand
  1918 | Sewer    | Reached XP level 6. HP: 37/43 MP: 6/6
  2225 | Sewer    | Reached XP level 7. HP: 45/49 MP: 7/7
  2608 | D:3      | Killed Terence
  3370 | D:3      | Reached skill level 5 in Shields
  3762 | D:4      | Reached skill level 5 in Fighting
  3762 | D:4      | Reached skill level 5 in Dodging
  4330 | D:4      | Found a staircase to the Ecumenical Temple.
  4349 | D:4      | Reached XP level 8. HP: 55/55 MP: 8/8
  4360 | Temple   | Entered the Ecumenical Temple
  4407 | Temple   | Became a worshipper of Ashenzari the Shackled
  4510 | D:5      | Entered Level 5 of the Dungeon
  5120 | D:5      | Reached skill level 5 in Axes
  5207 | D:5      | HP: 2/56 [iguana (13)]
  5555 | D:5      | Noticed Sigmund
  5564 | D:5      | Killed Sigmund
  5761 | D:5      | Noticed Menkaure
  5766 | D:5      | Killed Menkaure
  6695 | D:6      | Reached XP level 9. HP: 60/63 MP: 9/9
  6763 | D:6      | Found Rismetou's Magic Scroll Boutique.
  6763 | D:6      | Found Mokuuk's General Store.
  6766 | D:6      | Found Filun's Assorted Antiques.
  6995 | D:6      | Identified the +1 spear of the Shoals {elec, rElec rN+}
  7242 | D:6      | Killed from afar by a steam dragon

Illustrated notes

Levels and vault maps discovered:
D:1:      roderic_crop_circles_arrival_small, layout_loops_ring,
          chequers_ecumenical_altar_island, minmay_misc_feat_diagonals,
          serial_bayou_pond_a, amcnicky_mini_corridor_feature,
          nicolae_concentric_dashed_squares_wild
D:2:      layout_rooms, chequers_decorated_corner
D:3:      layout_basic, cheibrodos_sewer_entry_sluice, minmay_snake_closets,
          uniq_terence
D:4:      layout_gridville, minmay_temple_entry_antechambers
D:5:      minmay_evil_eye, layout_layer_cave, uniq_sigmund, uniq_menkaure
D:6:      layout_basic, minmay_misc_feat_x, minmay_hedge_maze,
          nicolae_shop_distant_corner_stores
Temple:   minmay_crystal_snake_temple

Skill      XL: |  1  2  3  4  5  6  7  8  9 |
---------------+----------------------------+-----
Axes           | 3 4 5 6 |  6.3
Shields        | 4 5 6 |  6.7
Fighting       | 4 5 6 |  6.7
Dodging        | 4 5 6 |  6.7

Action                     |  1- 3 |  4- 6 |  7- 9 || total
---------------------------+-------+-------+-------++-------
  Melee: War axe           |    63 |    46 |   179 ||   288
         Constrict         |    18 |    11 |    49 ||    78
         Tentacles         |    10 |    12 |    42 ||    64
         Punch             |     1 |       |       ||     1
  Throw: Javelin           |     2 |       |       ||     2
 Invoke: Curse Item        |       |       |     1 ||     1
    Use: Scroll            |     2 |       |     4 ||     6
         Potion            |     1 |       |     3 ||     4
   Stab: Sleeping          |     6 |     2 |    17 ||    25
         Distracted        |       |       |     1 ||     1
 Armour: Skin              |    26 |    17 |    70 ||   113
  Dodge: Dodged            |    35 |    17 |    96 ||   148
  Block: Buckler           |    22 |    12 |    45 ||    79
